 Dungeon Crawl Stone Soup version 0.22-a0-422-g9628fc8 (webtiles) character file.

422 Anachronus the Bolt Thrower (level 6, -9/52 HPs)
             Began as a Minotaur Hunter on May 20, 2018.
             Mangled by an ogre
             ... wielding a +0 giant spiked club
              (13 damage)
             ... on level 4 of the Dungeon.
             The game lasted 00:13:45 (4209 turns).

Anachronus the Bolt Thrower (Minotaur Hunter)       Turns: 4209, Time: 00:13:46

Health: -9/52      AC: 10    Str: 16    XL:     6   Next: 63%
Magic:  5/5        EV: 11    Int:  8    God:
Gold:   84         SH:  0    Dex: 13    Spells: 5/5 levels left

rFire    . . .     SeeInvis .   b - +0 hand axe
rCold    . . .     Gourm    .   (no shield)
rNeg     . . .     Faith    .   k - +0 plate armour
rPois    .         Spirit   .   (helmet restricted)
rElec    .         Reflect  .   (no cloak)
rCorr    .         Harm     .   (no gloves)
MR       .....                  (no boots)
Stlth    ..........             (no amulet)
HPRegen  0.17/turn              j - +6 ring of evasion
MPRegen  0.09/turn              (no ring)

@: no status effects
A: retaliatory headbutt, horns 2
a: no special abilities


You were on level 4 of the Dungeon.
You were not hungry.

You visited 1 branch of the dungeon, and saw 4 of its levels.

You collected 84 gold pieces.

Inventory:

Hand Weapons
 a - a +1 hand crossbow
 b - a +0 hand axe (weapon)
 l - a +0 dagger of venom
 n - a +2 dagger of protection
 s - a +0 blowgun
 v - a +0 falchion
Missiles
 d - 57 bolts
 e - 24 arrows
 g - a throwing net (quivered)
 m - 16 poisoned needles
Armour
 k - a +0 plate armour (worn)
 u - a +0 pair of gloves
Jewellery
 j - a +6 ring of evasion (left hand)
 o - an uncursed ring of poison resistance {unknown}
Scrolls
 h - a scroll of teleportation
 r - a scroll of identify
Potions
 c - a potion of brilliance {unknown}
 i - a potion of curing {unknown}
 p - a potion of mutation
 t - a potion of berserk rage {unknown}
Comestibles
 f - 13 rations


   Skills:
 + Level 3.9 Fighting
 + Level 1.5 Short Blades
 * Level 1.9 Axes
 + Level 6.5 Crossbows
 + Level 2.1 Armour
 + Level 2.6 Dodging
 * Level 2.6 Stealth


You had 5 spell levels left.
You didn't know any spells.
Your spell library was empty.

Dungeon Overview and Level Annotations

Branches:
Dungeon (4/15)
 Temple: D:4-7

Altars:
Elyvilon
Vehumet


Innate Abilities, Weirdness & Mutations

You reflexively headbutt those who attack you in melee.
You have a pair of horns on your head.


Message History

Firing (i - inventory. (/) - cycle)
d - 57 bolts (quivered)
Press: ? - help, Shift-Dir - straight line, f - you
Okay, then.
The ogre is too close now for your liking.
b - a +0 hand axe (weapon)
The ogre hits you with a giant spiked club!!
You hit the ogre.
The ogre is severely wounded.
The ogre hits you with a giant spiked club!!
Ouch! That really hurt!
* * * LOW HITPOINT WARNING * * *
You hit the ogre. Your headbutt misses the ogre.
The ogre is almost dead.
You hit the ogre but do no damage. Your headbutt misses the ogre.
The ogre is almost dead.
The ogre misses you.
You hit the ogre but do no damage. Your headbutt misses the ogre.
The ogre is severely wounded.
The ogre hits you with a giant spiked club!
You die...

#............
#########.#
#.........#
#....######
#....#
#####...#######
.........>....#
.......O......#
#.###.#@...##..#
# #......#
#......#
#......#
#..<.### #....#
#....# #....#
#....#


You could see an ogre.

Vanquished Creatures
  The ghost of AgonHex the Cutter, an amateur VSBe of Trog (D:3)
  An orc warrior (D:3)
  A crimson imp (D:3)
  An orc wizard (D:3)
  4 gnolls (D:3)
  2 adders (D:3)
  An ooze (D:1)
  5 worms
  A dart slug (D:3)
  5 leopard geckos
  3 orcs
  12 bats
  3 giant cockroaches
  10 goblins
  11 hobgoblins
  4 jackals (D:1)
  8 kobolds
  A ball python (D:2)
  2 frilled lizards
  9 rats
85 creatures vanquished.

Notes
Turn   | Place    | Note
-------+----------+-------------------------------------------
     0 | D:1      | Anachronus the Minotaur Hunter began the quest for the Orb.
     0 | D:1      | Reached XP level 1. HP: 18/18 MP: 0/0
    95 | D:1      | Reached XP level 2. HP: 15/25 MP: 1/1
   340 | D:1      | Reached skill level 5 in Crossbows
   475 | D:1      | Reached XP level 3. HP: 30/30 MP: 2/2
  1253 | D:2      | Found a faded altar of an unknown god.
  1482 | D:2      | Reached XP level 4. HP: 38/38 MP: 3/3
  1653 | D:2      | Reached skill level 1 in Stealth
  2008 | D:3      | Reached skill level 1 in Short Blades
  2028 | D:3      | Noticed an orc warrior
  2036 | D:3      | Reached skill level 1 in Armour
  2629 | D:3      | Reached XP level 5. HP: 45/45 MP: 4/4
  2713 | D:3      | Reached skill level 6 in Crossbows
  2784 | D:3      | Found a white marble altar of Elyvilon.
  2790 | D:3      | Found a radiant altar of Vehumet.
  3241 | D:3      | Killed an orc warrior
  3241 | D:3      | Reached skill level 1 in Axes
  3241 | D:3      | Reached XP level 6. HP: 14/51 MP: 5/5
  3643 | D:3      | Noticed AgonHex's ghost (amateur VSBe)
  3653 | D:3      | Killed AgonHex's ghost
  4196 | D:4      | HP: 2/52 [ogre/giant spiked club (30)]
  4209 | D:4      | Mangled by an ogre

Vault maps used:
D:1:      lightli_arrival_flooded_house, minmay_unequal
D:2:      chequers_ecumenical_altar_twisty, serial_glass, glass_columns_a,
          glass_columns_c, hangedman_abyss_or_decor_stabs
D:3:      overflow_temple_1_default, elyvilon_altar_5, first_ration,
          hangedman_abyss_or_decor_lesser_grid
D:4:      lemuel_crystal_altar, minmay_temple_entry_trees

Skill      XL: |  1  2  3  4  5  6 |
---------------+-------------------+-----
Crossbows      | 5 6 |  6.5
Fighting       | 3 |  3.9
Stealth        | 1 2 |  2.6
Short Blades   | 1 |  1.5
Armour         | 1 2 |  2.1
Axes           | 1 |  1.9
Dodging        | |  2.6

Action                   |  1- 3 |  4- 6 || total
-------------------------+-------+-------++-------
Melee: Short sword       |    55 |       ||    55
       Headbutt          |     9 |    15 ||    24
       Hand axe          |    15 |    74 ||    89
 Fire: Hand crossbow     |    51 |    73 ||   124
  Use: Scroll            |     4 |     5 ||     9
       Potion            |       |     2 ||     2
  Eat: Ration            |     1 |     2 ||     3
Armor: Leather armour    |     8 |       ||     8
       Plate armour      |    14 |    23 ||    37
Dodge: Dodged            |    53 |    47 ||   100

Table legend:
 A = Spawn XP
 B = Non-spawn XP
 C = Spawn XP percentage of total XP
 D = Spawn monster count
 E = Non-spawn monster count
 F = Spawn count percentage of total count
 G = Total turns spent on level
                    A         B        C        D         E        F      G
               +---------+---------+-------+---------+---------+-------+---------
         Total |       0 |     604 |   0.0 |       0 |      85 |   0.0 |  4209
               +---------+---------+-------+---------+---------+-------+---------
           D:1 |       0 |      62 |   0.0 |       0 |      32 |   0.0 |  1151
           D:2 |       0 |      48 |   0.0 |       0 |      24 |   0.0 |  1259
           D:3 |       0 |     494 |   0.0 |       0 |      29 |   0.0 |  1757
               +---------+---------+-------+---------+---------+-------+---------
